Map: 大气2000-天梯版

Players

余晖 - Winner!

  • Race: Zerg Zerg
  • League: Diamond

上海柏拉图

  • Race: Terran Terran
  • League: Diamond

VOD

Have the link to the VOD?

Description

Time

  • Played on: Oct. 3, 2021, 7:48 p.m.
  • Length: 17:48
Show
View Real Time Build Order
Export as new Build Order

余晖 Zerg - Winner!

Build Orders: Hatch First 

Get SALT Encoding   

  12  0:00  Drone  
  13  0:12  Overlord  
  13  0:17  Drone  
  14  0:30  Drone  
  14  0:31  Drone  
  16  0:48  Hatchery  
  15  0:51  Drone  
  15  0:55  Drone  
  17  0:58  Drone  
  18  1:09  Extractor  
  17  1:14  Spawning Pool  
  17  1:17  Drone  
  17  1:20  Drone  
  18  1:28  Drone  
  19  1:40  Drone  
  20  1:49  Overlord  
  20  2:02  Zergling x4  
  20  2:03  Queen x2  
  26  2:12  Metabolic Boost  
  26  2:16  Drone x2  
  28  2:34  Drone  
  28  2:35  Drone x3  
  31  2:54  Overlord x2  
  31  2:58  Hatchery  
  30  3:14  Zergling x2  
  30  3:15  Zergling x18  
  40  3:24  Drone x2  
  42  3:44  Drone  
  42  3:45  Drone x6  
  49  3:48  Overlord  
  49  3:49  Overlord x2  
  49  3:51  Lair  
  38  4:21  Queen  
  38  4:22  Roach Warren  
  40  4:24  Drone x2  
  40  4:25  Zergling x14  
  40  4:26  Zergling x2  
  49  4:32  Extractor  
  49  4:33  Extractor  
  47  4:39  Queen  
  49  4:57  Drone x3  
  49  4:58  Drone x3  
  49  4:59  Zergling x16  
  63  5:03  Glial Reconstitution  
  63  5:10  Evolution Chamber  
  62  5:14  Evolution Chamber  
  61  5:22  Drone x3  
  61  5:23  Drone  
  61  5:24  Drone x2  
  67  5:42  Baneling Nest, Drone, Extractor  
  66  5:43  Drone x3  
  66  5:44  Drone  
  70  5:50  Drone  
  70  5:51  Drone x7  
  78  6:09  Zerg Melee Weapons Level 1, Zerg Ground Armor Level 1  
  78  6:11  Hatchery  
  72  6:34  Queen  
  72  6:37  Spore Crawler  
  72  6:39  Drone x5, Spore Crawler  
  77  6:40  Drone x2  
  80  6:49  Spore Crawler  
  80  6:53  Drone x2  
  81  6:55  Overlord x4  
  81  7:02  Infestation Pit  
  81  7:03  Centrifical Hooks  
  72  7:19  Zergling x20  
  72  7:20  Zergling x10  
  80  7:28  Queen  
  79  7:45  Baneling x2  
  79  7:46  Baneling x5  
  79  7:51  Hive  
  79  7:55  Zergling x24  
  79  7:56  Zergling x8  
  95  8:02  Drone x3  
  95  8:03  Overlord  
  95  8:04  Zerg Melee Weapons Level 2, Zerg Ground Armor Level 2  
  98  8:14  Queen  
  100  8:24  Zergling x12  
  100  8:25  Zergling x12  
  100  8:26  Hatchery  
  84  8:57  Drone x4  
  84  8:58  Drone x10  
  98  9:02  Queen  
  94  9:18  Overseer  
  94  9:19  Overseer x3  
  94  9:21  Pneumatized Carapace  
  94  9:23  Drone  
  94  9:24  Drone  
  94  9:41  Zergling x2  
  94  9:42  Zergling x32  
  94  9:43  Zergling x2  
  94  9:45  Baneling x8  
  111  9:46  Baneling x4  
  107  9:58  Ultralisk Cavern  
  106  10:03  Zergling x20  
  106  10:04  Zergling x2  
  102  10:33  Zergling x4  
  102  10:34  Zergling x26  
  105  10:38  Zerg Ground Armor Level 3, Zerg Melee Weapons Level 3  
  105  10:43  Baneling  
  91  10:58  Zergling x2  
  91  10:59  Zergling x28  
  91  11:03  Queen  
  108  11:05  Chitinous Plating  
  108  11:13  Baneling x7  
  108  11:14  Baneling x3  
  108  11:16  Zergling x8  
  108  11:17  Zergling x4  
  114  11:32  Spore Crawler  
  113  11:42  Zergling x6  
  113  11:43  Zergling x30  
  86  12:23  Anabolic Synthesis  
  86  12:25  Extractor  
  86  12:26  Ultralisk  
  86  12:27  Ultralisk x2, Extractor  
  86  12:29  Zergling x26  
  118  12:30  Zergling x12  
  118  12:33  Queen  
  118  12:36  Drone x3  
  126  12:40  Zergling x8  
  124  13:12  Extractor  
  123  13:13  Extractor  
  122  13:26  Ultralisk x2  
  134  13:28  Overlord x4  
  134  13:29  Overlord  
  134  13:42  Baneling x6  
  134  13:43  Baneling x3  
  134  13:57  Ultralisk x2  
  134  14:02  Drone x3  
  149  14:03  Drone  
  149  14:04  Drone x2  
  149  14:05  Drone x2  
  154  14:12  Hatchery  
  154  14:14  Unknown  
  152  14:24  Adrenal Glands  
  150  14:28  Hatchery  
  85  15:10  Ultralisk x4  
  85  15:12  Zergling x26  
  85  15:13  Zergling x28  
  136  15:20  Overlord  
  136  15:22  Queen  
  132  15:32  Overseer x4  
  132  15:34  Baneling  
  125  16:02  Ultralisk  
  125  16:03  Ultralisk  
  137  16:04  Zergling x2  
  137  16:05  Zergling x34  
  155  16:17  Overlord x4  
  155  16:22  Queen  
  155  16:23  Queen  
  119  16:49  Zergling x2  
  119  16:50  Zergling x44  
  119  16:51  Zergling x4  
  134  17:00  Ultralisk  
  134  17:01  Ultralisk  
  126  17:27  Baneling  
  126  17:28  Baneling x5  
Show
View Real Time Build Order
Export as new Build Order

上海柏拉图 Terran 

Build Orders: Reaper Expand 

Get SALT Encoding   

  12  0:00  SCV  
  13  0:12  SCV  
  14  0:17  Supply Depot  
  14  0:24  SCV  
  15  0:38  SCV  
  15  0:39  Barracks  
  16  0:43  Refinery  
  16  0:50  SCV  
  17  1:03  SCV  
  18  1:15  SCV  
  19  1:26  Reaper  
  19  1:27  Orbital Command  
  20  1:41  Command Center  
  20  1:48  Supply Depot  
  20  1:52  SCV  
  21  1:58  Marine  
  22  2:05  SCV  
  22  2:07  Factory  
  23  2:17  SCV  
  23  2:20  Barracks Reactor  
  24  2:36  Command Center  
  24  2:37  SCV  
  25  2:49  SCV  
  25  2:50  Barracks  
  26  2:54  Orbital Command  
  26  3:01  SCV  
  27  3:06  Hellion  
  27  3:09  Hellion  
  31  3:14  Refinery  
  31  3:15  SCV  
  32  3:24  SCV  
  33  3:27  SCV  
  33  3:28  Hellion  
  33  3:30  Hellion  
  38  3:38  SCV  
  38  3:39  SCV  
  40  3:44  Marine  
  40  3:47  Starport  
  41  3:50  SCV  
  41  3:51  Hellion, SCV  
  44  3:56  Marine  
  44  4:01  Marine  
  44  4:02  SCV  
  38  4:18  SCV x2  
  37  4:27  Medivac  
  37  4:30  SCV x2  
  41  4:32  Barracks Tech Lab, Factory Reactor  
  41  4:33  Marine x2  
  41  4:37  Orbital Command  
  42  4:42  SCV x2  
  44  4:50  Engineering Bay, Refinery  
  44  4:51  Marine x2, Stimpack  
  46  4:54  Marine, SCV x2  
  46  4:59  Medivac  
  51  5:06  SCV  
  51  5:07  SCV  
  53  5:09  Marine x2, Supply Depot  
  53  5:10  Widow Mine  
  53  5:11  Widow Mine  
  53  5:12  Marine  
  60  5:18  SCV, Supply Depot  
  61  5:26  Terran Infantry Weapons Level 1  
  61  5:30  Marine x2, SCV x2  
  61  5:31  Starport Reactor  
  61  5:32  Marine  
  66  5:42  SCV, Engineering Bay  
  67  5:43  SCV  
  67  5:46  SCV, Refinery  
  67  5:48  Marine, Widow Mine  
  67  5:49  Marine  
  73  5:55  Marine, SCV x2  
  73  5:56  Supply Depot  
  76  5:58  SCV  
  77  6:09  Barracks x2  
  77  6:18  Marine x3, SCV x3, Medivac  
  85  6:30  SCV x2, Widow Mine x2  
  91  6:35  Marine x2  
  91  6:36  Orbital Command, Terran Infantry Armor Level 1  
  93  6:53  Barracks  
  93  6:54  Combat Shield  
  93  7:00  Barracks Reactor  
  93  7:01  Barracks Reactor, Supply Depot x2  
  93  7:03  Supply Depot  
  93  7:08  Marine, SCV  
  93  7:10  Marine  
  93  7:12  SCV  
  93  7:13  Marine  
  93  7:15  Widow Mine  
  93  7:16  Widow Mine  
  93  7:21  SCV  
  84  7:24  SCV  
  84  7:26  Marine  
  84  7:28  Marine  
  85  7:30  SCV  
  85  7:31  Marine, Barracks  
  85  7:33  SCV  
  85  7:36  SCV  
  89  7:42  SCV  
  89  7:44  Marine, Armory  
  90  7:45  Barracks Reactor, SCV, Supply Depot  
  90  7:46  Marine x5  
  90  7:48  Marine, SCV  
  99  7:54  SCV  
  99  7:57  SCV  
  101  8:00  SCV  
  101  8:01  Medivac x2  
  101  8:02  Marine  
  101  8:03  Marine, Widow Mine x2  
  101  8:04  Marine x2  
  114  8:06  Marine x2, SCV  
  114  8:09  SCV  
  114  8:10  Factory  
  118  8:13  Supply Depot  
  118  8:14  SCV, Supply Depot  
  118  8:16  Marine  
  118  8:18  SCV, Supply Depot  
  118  8:19  Marine  
  121  8:21  Marine, SCV  
  121  8:24  Supply Depot  
  121  8:26  SCV  
  125  8:35  SCV, Widow Mine x2  
  125  8:37  Marine x5  
  125  8:38  Marine x4  
  125  8:39  Marine  
  132  8:55  Marine x6  
  134  8:56  Marine  
  134  9:01  Terran Infantry Weapons Level 2, Terran Infantry Armor Level 2  
  134  9:02  Marine x3  
  142  9:04  Terran Vehicle And Ship Armor Level 1, Supply Depot  
  142  9:05  Factory Tech Lab  
  142  9:08  Refinery x2  
  142  9:10  Supply Depot, Command Center  
  142  9:11  Supply Depot, Medivac x2  
  142  9:12  Supply Depot  
  142  9:13  Marine x4  
  150  9:22  Marine x4  
  150  9:23  Supply Depot  
  157  9:24  Widow Mine  
  157  9:26  Widow Mine  
  157  9:28  Concussive Shells, Supply Depot  
  158  9:33  Barracks Tech Lab  
  160  9:45  Widow Mine  
  160  9:47  Marine x2  
  160  9:51  Marine x7  
  160  9:52  Marine  
  161  10:04  Widow Mine  
  161  10:05  Marine, Widow Mine, Drilling Claws  
  161  10:06  Medivac  
  161  10:07  Medivac  
  147  10:33  Marine x4  
  147  10:34  Marine x6  
  142  10:48  Widow Mine x3  
  142  10:50  Marine  
  142  10:51  Marine x6  
  142  10:52  Marine x3  
  146  11:08  Marine x2  
  146  11:09  Marine x6, Widow Mine x3, Command Center  
  160  11:11  Marine x2  
  160  11:13  Barracks x2  
  162  11:26  Marine x2, Supply Depot x2  
  162  11:27  Marine  
  162  11:28  SCV x3  
  168  11:43  Marine x4  
  168  11:44  Marine x3, Refinery, Sensor Tower  
  168  11:45  Medivac x2  
  179  11:47  Refinery  
  179  11:50  Missile Turret  
  179  11:52  Missile Turret  
  174  12:06  Marine x5  
  174  12:07  Marine x5  
  178  12:15  Medivac x2  
  163  12:23  Marine x2  
  163  12:24  Marine x4  
  169  12:32  Marine x2  
  169  12:33  Marine x2  
  169  12:34  SCV  
  169  12:35  Planetary Fortress  
  174  12:41  Marine x2  
  176  12:44  Terran Infantry Armor Level 3, Terran Vehicle And Ship Armor Level 2, Terran Infantry Weapons Level 3  
  176  12:45  Marine x4  
  170  13:11  Marine x5  
  170  13:12  Marine x5  
  180  13:15  Widow Mine x3  
  184  13:29  Marine x5, Barracks Tech Lab  
  184  13:30  Barracks Tech Lab, Marauder  
  184  13:32  Planetary Fortress  
  191  13:35  Marine, Marauder  
  191  13:36  Widow Mine  
  191  13:37  Widow Mine  
  198  13:46  Marine x2  
  200  13:52  Command Center  
  200  14:31  Marine, Marauder  
  196  14:32  Widow Mine x2  
  196  14:33  Widow Mine  
  186  14:46  Marine x3  
  186  14:47  Marine x3, Marauder x3  
  196  14:53  Marauder  
  196  14:58  Marine x2  
  186  15:00  Widow Mine x3  
  186  15:04  Marine x2  
  138  15:08  Marauder x3  
  138  15:10  Marine x2  
  141  15:14  Marauder  
  141  15:17  Marine  
  141  15:20  Marine  
  145  15:21  Widow Mine  
  145  15:24  SCV  
  146  15:30  Marauder x3  
  154  15:35  Marauder  
  154  15:44  Neosteel Armor  
  154  15:47  Marine x2  
  154  15:48  Marine x3  
  159  15:51  Marauder x3  
  167  15:57  Marauder  
  167  16:00  Marine x2  
  167  16:01  Widow Mine  
  167  16:02  Widow Mine x2  
  165  16:12  Marine x2, Marauder x2  
  165  16:13  Marauder  
  165  16:18  Marauder, Command Center  
  175  16:23  Widow Mine  
  137  16:34  Marine x2, Marauder  
  137  16:35  Marine x3  
  137  16:39  Widow Mine x2  
  130  16:40  Marauder  
  130  16:41  Marine x2  
  130  16:44  Marine, Widow Mine  
  117  16:52  Marine x3  
  105  16:55  Marauder  
  105  16:57  Marine x2  
  105  16:59  Marine  
  105  17:00  Widow Mine x2  
  104  17:01  Marauder  
  104  17:04  Marine x2  
  104  17:06  Widow Mine  
  98  17:15  Marine x2  
  95  17:16  Marauder  
  95  17:17  Marine  
  100  17:22  Marauder  
  100  17:27  Marine x2  
Tags
 
Add a new tag
Caveats
  • Supply blocks, unpowered buildings, or Contaminate may cause inaccurate times.
  • Supply counts are checked every 10 seconds.